 Dungeon Crawl Stone Soup version 0.29-a0-319-gad05b8d819 (webtiles) character file.

Game seed: 16133438016526335476

2154 wakim the Insei (level 9, -7/61 HPs)
             Began as an Octopode Transmuter on Apr 1, 2022.
             Was an Initiate of Gozag.
             Mangled by a fire elemental (13 damage)
             ... summoned by a deep elf pyromancer
             ... on level 7 of the Dungeon.
             The game lasted 00:30:49 (10300 turns).

wakim the Insei (Octopode Transmuter)              Turns: 10300, Time: 00:30:50

Health: -7/61      AC:  2    Str: 10    XL:     9   Next: 31%
Magic:  10/12      EV: 20    Int: 19    God:    Gozag
Gold:   419        SH:  0    Dex: 23    Spells: 3/12 levels left

rFire   . . .      SeeInvis .     - Unarmed
rCold   . . .      Faith    .   (shield currently unavailable)
rNeg    . . .      Spirit   .   (helmet currently unavailable)
rPois   x          Reflect  .   (no amulet)
rElec   .          Harm     .   W - +6 ring of dexterity
rCorr   +          Rampage  .   Z - ring of resist corrosion
Will    .....                   (no ring)
Stlth   +++.......              (no ring)
HPRegen 0.20/turn               (no ring)
MPRegen 0.13/turn               (no ring)
                                (no ring)
                                (no ring)

@: spider-form
A: venomous fangs, almost no armour, (amphibious), 8 rings, tiny, (camouflage
1), (gelatinous body 1), (nimble swimmer 1), (tentacles)
a: End Transformation, Renounce Religion, Potion Petition, Call Merchant, Bribe
Branch


You were on level 7 of the Dungeon.
You worshipped Gozag.
Gozag was aware of your devotion.
You were a venomous arachnid creature.
You visited 2 branches of the dungeon, and saw 8 of its levels.
You also visited: Ossuary.

You collected 602 gold pieces.
You spent 77 gold pieces at shops.
You paid 106 gold pieces to Gozag.

Inventory:

Missiles
 s - 271 stones
Armour
 Y - a +0 buckler
Jewellery
 W - a +6 ring of dexterity (left front leg)
 X - an amulet of guardian spirit
 Z - a ring of resist corrosion (right front leg)
Wands
 v - a wand of flame (47)
Scrolls
 P - 2 scrolls of immolation {unknown}
 R - 3 scrolls of magic mapping {!r}
 T - 6 scrolls of teleportation
 U - 3 scrolls of fear
Potions
 A - a potion of ambrosia
 C - a potion of berserk rage {!q}
 F - 2 potions of curing
 G - 2 potions of flight
 I - a potion of invisibility
 L - 2 potions of lignification {!q}
 M - 5 potions of mutation {!q}
 N - a potion of might
 O - 2 potions of resistance
 Q - a potion of degeneration {unknown}
 V - a potion of brilliance {unknown}


   Skills:
 + Level 5.1 Fighting
 - Level 2.0 Dodging
 - Level 4.0 Stealth
 * Level 7.9 Unarmed Combat
 - Level 2.0 Spellcasting
 - Level 6.0 Transmutations
 + Level 4.2 Ice Magic
 * Level 1.5 Evocations


You had 3 spell levels left.
You knew the following spells:

 Your Spells              Type           Power      Damage    Failure   Level
b - Wereblood             Tmut           24%        N/A       9%          2
c - Ice Form              Ice/Tmut       21%        N/A       41%         4
x - Spider Form           Tmut/Pois      13%        N/A       32%         3

Your spell library contained the following spells:

 Spells                   Type           Power      Damage    Failure   Level
 Beastly Appendage        Tmut           48%        N/A       6%          1
 Magic Dart               Conj           4%         1d3       36%         1
 Call Imp                 Summ           1%         N/A       47%         2
 Mephitic Cloud           Conj/Pois/Air  1%         N/A       67%         3
 Summon Guardian Golem    Hex/Summ       1%         N/A       67%         3
 Orb of Destruction       Conj           0%         9d5       100%        7
 Spellforged Servitor     Conj/Summ      0%         N/A       100%        7


Dungeon Overview and Level Annotations

Branches:
Dungeon (7/15)             Temple (1/1) D:6         Ossuary (visited)

Altars:
Ashenzari
Cheibriados
Dithmenos
Fedhas
Gozag
Kikubaaqudgha
Nemelex Xobeh
Okawaru
Qazlal
Trog
Uskayaw
Wu Jian
Zin
The Shining One

Shops:
D:1 :   D:6 ?

Annotations:
D:6 exclusion: 2 centaurs, Dowan, Duvessa
D:7 exclusions: boulder beetle and troll


Innate Abilities, Weirdness & Mutations

You are a venomous arachnid creature.
You have poisonous fangs.
You are tiny and dextrous.
Your spellcasting is less reliable in this form.
Your armour is entirely melded.
You are incapable of wielding weapons or throwing items.
You cannot wear most types of armour.
((You are amphibious.))
You can wear up to eight rings at the same time.
((Your skin changes colour to match your surroundings (Stealth+).))
((Your rubbery body absorbs attacks. (AC +1, EV +1)))
((You are camouflaged when in or above water. (Stealth+)))
((You have tentacles for arms and can constrict up to eight enemies at once.))


Message History

The deep elf pyromancer is moderately wounded.
The deep elf pyromancer casts a spell.
You hit the deep elf pyromancer.
The deep elf pyromancer is heavily wounded.
The deep elf pyromancer points at you and mumbles some strange words.
The sticky flame hits you!
You are covered in liquid flames!
The fire elemental closely misses you. 50/61 (-11)
You barely miss the deep elf pyromancer.
The deep elf pyromancer is heavily wounded.
You are covered in liquid flames!
The fire elemental hits you. The fire elemental burns you!
The deep elf pyromancer hits you with a +0 long sword!
* * * LOW HITPOINT WARNING * * *
26/61 (-24)
You barely miss the deep elf pyromancer.
The deep elf pyromancer is severely wounded.
You are covered in liquid flames!
* * * LOW HITPOINT WARNING * * *
The fire elemental closely misses you. 19/61 (-7) Unknown command.
You feel better.
You are covered in liquid flames!
* * * LOW HITPOINT WARNING * * *
You are no longer on fire.
A nearby plant withers and dies.
The deep elf pyromancer hits you with a +0 long sword.
* * * LOW HITPOINT WARNING * * *
The fire elemental hits you. The fire elemental burns you!
* * * LOW HITPOINT WARNING * * *
6/61 (-13)
You barely miss the deep elf pyromancer.
The deep elf pyromancer is severely wounded.
The deep elf pyromancer hits you with a +0 long sword.
* * * LOW HITPOINT WARNING * * *
The fire elemental hits you. The fire elemental burns you!
You die...
Your body crumbles into a pile of gold.

##........ ## #########
##......... .##
#.......# #..........
..## #.......##
##.......... ...##
##.......###..#........
....#
#....................#
....##
#..###########......##
# .....## ##.# +..⌠+
#.#..### ## ......# #.#
+.s.+ #..### ##.
......####.#


+8Ee+ #...## ##.. .......##..#..#'''#..#.#..## #...
...........#..#...#..#.##..####.. ...........#..#...#..#.###..####.
...........#..#...#..#.# ##..#### ...........#..#...#..#.#..##..###
........##.#..#...#..#.#..).#..## ........##.#..8...8..#.##....#... You could
see a deep elf pyromancer (very poisoned) and a fire elemental (summoned).

Vanquished Creatures
  A wyvern (D:7)
  Edmund (D:6)
  2 water moccasins
  2 ice beasts
  2 sky beasts (D:6)
  A centaur (D:5)
  3 phantoms
  A necrophage (D:5)
  2 bullfrogs
  3 scorpions
  A howler monkey (D:5)
  2 hounds
  A jelly (D:4)
  An iguana (D:5)
  Natasha (thrice) (D:3)
  7 orc wizards
  3 mummies (Ossuary)
  A gnoll (D:2)
  6 adders
  3 adder zombies (Ossuary)
  3 worms
  The ghost of jt the Sneak, a weakling GrDe (D:5)
  3 dart slugs
  16 orcs
  7 ball pythons
  9 bats
  7 endoplasms
  7 goblins
  6 hobgoblins
  6 jackals
  3 kobolds
  4 quokkas
  6 frilled lizards
  4 goblin zombies (Ossuary)
  2 hobgoblin zombies (Ossuary)
  2 kobold zombies (Ossuary)
  An orc zombie (Ossuary)
  5 quokka zombies (Ossuary)
  3 rats
  A rat zombie (Ossuary)
142 creatures vanquished.

Vanquished Creatures (collateral kills)
  A hobgoblin (D:4)
1 creature vanquished.

Vanquished Creatures (others)
  A plant (D:7)
1 creature vanquished.

Grand Total: 144 creatures vanquished

Notes
Turn   | Place    | Note
-------+----------+-------------------------------------------
     0 | D:1      | wakim the Octopode Transmuter began the quest for the Orb.
     0 | D:1      | Reached XP level 1. HP: 13/13 MP: 3/3
    96 | D:1      | Reached skill level 1 in Stealth
   161 | D:1      | Reached XP level 2. HP: 17/18 MP: 3/5
   688 | D:1      | Reached XP level 3. HP: 21/23 MP: 4/6
   707 | D:1      | Learned a level 3 spell: Spider Form
   821 | D:1      | Found a faded altar of an unknown god.
   908 | D:1      | Found Iloicvet's Book Emporium.
  1773 | D:2      | Reached XP level 4. HP: 24/29 MP: 5/7
  2769 | D:3      | Noticed Natasha
  2779 | D:3      | Reached skill level 4 in Unarmed Combat
  3722 | D:4      | Reached XP level 5. HP: 15/34 MP: 8/8
  3978 | D:4      | Learned a level 4 spell: Ice Form
  4137 | D:4      | Reached skill level 1 in Ice Magic
  4137 | D:4      | Reached XP level 6. HP: 35/41 MP: 7/9
  4137 | D:4      | Found an ancient bone altar of Kikubaaqudgha.
  4137 | D:4      | Found a blossoming altar of Fedhas.
  4263 | D:4      | Reached skill level 5 in Unarmed Combat
  5045 | D:5      | Entered Level 5 of the Dungeon
  5151 | D:3      | Reached XP level 7. HP: 23/46 MP: 5/10
  5154 | D:3      | Killed Natasha
  5575 | D:3      | Noticed Natasha
  5584 | D:3      | Killed Natasha
  5761 | D:3      | Noticed Natasha
  5766 | D:3      | Killed Natasha
  5901 | D:5      | Found a runed translucent door.
  5923 | D:5      | Noticed jt's ghost (weakling GrDe)
  6134 | D:5      | Found a broken altar of Ashenzari.
  6173 | D:5      | Found a shadowy altar of Dithmenos.
  6215 | D:5      | Reached skill level 6 in Unarmed Combat
  6472 | D:5      | Found an iron altar of Okawaru.
  6954 | D:5      | Learned a level 2 spell: Wereblood
  7292 | D:5      | Killed jt's ghost
  7349 | D:5      | Reached XP level 8. HP: 49/54 MP: 8/11
  7466 | D:6      | Found Boiplep's Magic Scroll Shoppe.
  7478 | D:6      | Bought a scroll of fear for 49 gold pieces
  7478 | D:6      | Bought a scroll of identify for 28 gold pieces
  7754 | D:6      | Noticed Edmund
  7775 | D:6      | Killed Edmund
  7990 | D:6      | Reached skill level 7 in Unarmed Combat
  7990 | D:6      | Reached skill level 5 in Transmutations
  8107 | D:6      | Found a sparkling altar of Nemelex Xobeh.
  8134 | D:6      | Noticed Dowan
  8444 | D:6      | Noticed Duvessa
  8728 | D:6      | Reached XP level 9. HP: 45/59 MP: 12/12
  8992 | D:6      | Found a staircase to the Ecumenical Temple.
  8999 | Temple   | Entered the Ecumenical Temple
  9082 | Temple   | Became a worshipper of Gozag Ym Sagoz the Greedy
  9455 | D:7      | Noticed a troll
  9558 | D:7      | Found a sand-covered staircase.
  9565 | Ossuary  | Entered an ossuary
  9878 | D:7      | Noticed a boulder beetle
 10001 | D:7      | Reached skill level 5 in Fighting
 10132 | D:7      | Reached skill level 1 in Evocations
 10265 | D:7      | Found a glowing silver altar of Zin.
 10287 | D:7      | Noticed a deep elf pyromancer
 10300 | D:7      | Mangled by a fire elemental

Illustrated notes

Levels and vault maps discovered:
D:1:      tarquinn_simple_flora_water_a, layout_rooms, serial_shops, shop,
          hellmonk_ecumenical_altar_pennies_from_heaven
D:2:      layout_basic, minmay_randomly_rotated_circles
D:3:      layout_basic, uniq_natasha
D:4:      layout_basic, grunt_temple_overflow_growth_and_decay,
          nicolae_figureground_sparkle
D:5:      layout_layer_cave, okawaru_trees_1, grunt_dithmenos_smoke_and_mirrors,
          kennysheep_little_box, hellmonk_ghost_happy_afterlife,
          chequers_decorated_corner
D:6:      layout_layer_cave, mainiacjoe_overflow_alcove_2,
          minmay_temple_entry_nine_rooms, serial_shops, shop,
          minmay_misc_feat_room, eino_curves_04, corexii_shack, uniq_edmund,
          uniq_duvessa
D:7:      minmay_klotski, layout_cave_pods, mainiacjoe_overflow_alcove_4,
          old_standard_altar, lightli_ossuary_entry_decrepit_ruins,
          guppyfry_early_elven_hall
Temple:   nicolae_temple_figure_zero

Skill      XL: |  1  2  3  4  5  6  7  8  9 |
---------------+----------------------------+-----
Stealth        | 1 2 3 4 |  4.0
Unarmed Combat | 4 5 6 7 |  7.9
Fighting       | 2 3 4 5 |  5.1
Ice Magic      | 1 2 3 4 |  4.2
Transmutations | 4 5 6 |  6.0
Evocations     | 1 |  1.5
Dodging        | |  2.0
Spellcasting   | |  2.0

Action                   |  1- 3 |  4- 6 |  7- 9 || total
-------------------------+-------+-------+-------++-------
Melee: Unarmed           |    75 |   120 |   198 ||   393
       Kick              |    20 |    27 |    10 ||    57
       Constrict         |    18 |    30 |     4 ||    52
       Tentacles         |    10 |    19 |     9 ||    38
       Punch             |     2 |     3 |     1 ||     6
Throw: Stone             |       |     3 |       ||     3
 Cast: Beastly Appendage |    25 |    30 |     5 ||    60
       Spider Form       |       |     3 |    11 ||    14
       Ice Form          |       |       |    12 ||    12
  Use: Scroll            |       |    10 |     9 ||    19
       Potion            |       |     1 |     1 ||     2
 Stab: Sleeping          |     8 |    10 |     7 ||    25
       Distracted        |       |     1 |     2 ||     3
Armor: Skin              |     8 |     5 |    30 ||    43
Dodge: Dodged            |    29 |    41 |    96 ||   166

Table legend: (Time is in decaauts)
 A = Elapsed time spent in this place.
 B = Non-inter-level travel time spent in this place.
 C = Inter-level travel time spent in this place.
 D = Time resting spent in this place.
 E = Time spent auto-exploring this place.
 F = Levels seen in this place.
 G = Mean time per level.
                   A        B        C        D        E       F      G
               +--------+--------+--------+--------+--------+-----+--------+
         Total |  10267 |   9651 |    616 |    521 |   7092 |   9 | 1140.8 |
       Dungeon |   9890 |   9285 |    605 |    521 |   6874 |   7 | 1412.9 |
        Temple |     95 |     84 |     11 |      0 |     64 |   1 |   95.0 |
       Ossuary |    280 |    280 |      0 |      0 |    154 |   1 |  280.0 |
               +--------+--------+--------+--------+--------+-----+--------+

Top non-repeatable levels by time:
     D:6: 1775 daAuts
     D:4: 1738 daAuts
     D:2: 1693 daAuts
     D:3: 1530 daAuts
     D:5: 1421 daAuts
     D:1: 1089 daAuts
     D:7: 642 daAuts
 Ossuary: 280 daAuts
  Temple: 95 daAuts
